 Dungeon Crawl Stone Soup version 0.21.1-1-g345015f (webtiles) character file.

3327 johnjohn the Basher (level 10, 0/86 HPs)
             Began as a Hill Orc Fighter on May 12, 2018.
             Was an Elder of Yredelemnul.
             Succumbed to a hornet's poison
             ... on level 8 of the Dungeon.
             The game lasted 01:01:49 (9366 turns).

johnjohn the Basher (Hill Orc Fighter)              Turns: 9366, Time: 01:01:50

Health: 0/86       AC: 16    Str: 22    XL:     10   Next: 2%
Magic:  12/12      EV:  7    Int:  9    God:    Yredelemnul [****..]
Gold:   356        SH: 10    Dex: 10    Spells: 9/9 levels left

rFire    . . .     SeeInvis .   a - +0 flail
rCold    . . .     Gourm    .   c - +0 shield
rNeg     . . .     Faith    +   r - +0 chain mail
rPois    .         Spirit   .   (no helmet)
rElec    .         Reflect  .   (no cloak)
rCorr    .         Harm     .   B - +1 pair of gloves
MR       +....                  D - +2 pair of boots
Stlth    ..........             w - amulet of faith
HPRegen  0.24/turn              l - ring of protection from magic
MPRegen  0.13/turn              u - ring of wizardry

@: lethally poisoned (0 -> -7), slowed, very slow
A: no striking features
a: Recall Undead Slaves, Injury Mirror, Animate Dead, Drain Life, Renounce
Religion


You were on level 8 of the Dungeon.
You worshipped Yredelemnul.
Yredelemnul was greatly pleased with you.
You were not hungry.

You visited 1 branch of the dungeon, and saw 8 of its levels.

You collected 356 gold pieces.

Inventory:

Hand Weapons
 a - a +0 flail (weapon)
 E - a +0 shortbow
 I - a +0 shortbow of freezing
Missiles
 F - 103 arrows (quivered)
Armour
 b - a +0 scale mail
 c - a +0 shield (worn)
 e - a cursed -1 robe
 n - a +0 leather armour
 p - a +0 ring mail
 r - a +0 chain mail (worn)
 x - a +0 chain mail
 B - a +1 pair of gloves (worn)
 D - a +2 pair of boots (worn)
Jewellery
 l - a ring of protection from magic (left hand)
 q - an uncursed ring of protection from fire
 u - a ring of wizardry (right hand)
 w - an amulet of faith (around neck)
 G - an uncursed ring of stealth {unknown}
 H - an uncursed amulet of harm {unknown}
 J - a cursed amulet of inaccuracy {unknown}
 K - the amulet of Bic Vyus {RegenMP Str+3, unknown}
   (You found it on level 7 of the Dungeon)

   [amulet of magic regeneration]

   It increases your magic regeneration.
   It affects your strength (+3).
Wands
 s - a wand of disintegration (14)
 M - a wand of random effects (20)
Scrolls
 g - 5 scrolls of teleportation
 h - a scroll of enchant weapon {unknown}
 j - 3 scrolls of noise
 k - a scroll of amnesia
 o - 9 scrolls of identify
 t - 4 scrolls of remove curse
 z - a scroll of fog
 A - a scroll of blinking {unknown}
Potions
 d - a potion of might
 i - a potion of degeneration {unknown}
 m - 4 potions of curing
 v - 3 potions of flight
 C - a potion of lignification {unknown}
 L - a potion of agility
Books
 y - a book of Maledictions

   Spells                             Type                      Level
   a - Corona                         Hexes                        1
   b - Ensorcelled Hibernation        Hexes/Ice                    2
   c - Confuse                        Hexes                        3
   d - Tukima's Dance                 Hexes                        3
   e - Dazzling Spray                 Conjuration/Hexes            3
Comestibles
 f - 3 rations
 N - a chunk of flesh


   Skills:
 + Level 7.1 Fighting
 + Level 9.3 Maces & Flails
 + Level 7.8 Armour
 + Level 2.1 Dodging
 + Level 1.1 Stealth
 + Level 7.1 Shields
 + Level 3.7 Invocations


You had 9 spell levels left.
You didn't know any spells.

Dungeon Overview and Level Annotations

Branches:
Dungeon (8/15)               Lair (0/6) D:8
 Temple: D:4-7

Altars:
Ashenzari
Cheibriados
Kikubaaqudgha
Makhleb
Ru
Trog
Wu Jian
Yredelemnul
The Shining One

Annotations:
D:5 Prince Ribbit
D:8 Gastronok


Message History

Something hits the hornet but does no damage.
Your orc priest zombie hits the hornet but does no damage.
You block the hornet's attack.
Gastronok the Ponderous comes into view.
The hornet stings you but does no damage.
You see here a flail.
Gastronok gurgles horribly!
The hornet stings you.
You feel yourself slow down.
Gastronok waves his eye-stalks in wide circles.
The air twists around and strikes you!
* * * LOW HITPOINT WARNING * * *
You feel yourself speed up. You block the hornet's attack.
The hornet stings you.
* * * LOW HITPOINT WARNING * * *
You are lethally poisoned!
You feel yourself slow down.
There is an escape hatch in the ceiling here.
You can't go down here!
You die...
Your body rises from the dead as a mindless zombie.

#.#.##..#.##
#...###.w..#
##.###...###.#..# ##
.............#..# .
##.####.##.###..# .#
#)##Z###).##.###.#
###)#...##.........#
#...y)...).....#####
#.##..)@...###.####
#...)).[.### #.#
###))...## #.#
#.........# ..#
#..)........# #.#
#............(##.#
.......>.......#.#
.........(.......#
#...........###


You could see Gastronok, a hornet and a friendly orc wizard zombie.

Vanquished Creatures
  A steam dragon (D:8)
  2 wargs (D:8)
  3 ice beasts (D:5)
  6 centaurs
  3 ogres
  3 bullfrogs
  3 scorpions
  6 killer bees
  A crimson imp (D:5)
  2 jellies (D:5)
  4 orc priests
  A hound (D:5)
  9 orc wizards
  An iguana (D:5)
  6 worker ants
  A killer bee zombie (D:8)
  A hound skeleton (D:8)
  3 worker ant zombies
  6 adders
  A river rat (D:5)
  2 shadow imps (D:5)
  An ooze (D:1)
  An adder zombie (D:8)
  An adder skeleton (D:6)
  4 worms
  A dart slug (D:2)
  8 leopard geckos
  19 orcs
  8 giant cockroaches
  6 goblins
  9 hobgoblins
  8 jackals
  2 quokkas (D:5)
  4 bats
  3 frilled lizards
  A jackal skeleton (D:8)
  8 kobolds
  9 rats
158 creatures vanquished.

Vanquished Creatures (collateral kills)
  2 orc warriors
  A centaur (D:7)
  2 bullfrogs
  A scorpion (D:7)
  2 crimson imps
  A hound (D:7)
  6 orc priests
  5 worker ants
  5 orc wizards
  A worker ant zombie (D:8)
  3 leopard geckos
  11 orcs
  2 giant cockroaches (D:6)
  2 butterflies (D:6)
44 creatures vanquished.

Vanquished Creatures (others)
  A warg zombie (D:8)
  A wight (D:8)
  3 centaur zombies
  2 bullfrog skeletons
  A hound (D:7)
  A killer bee zombie (D:7)
  An ogre zombie (D:8)
  3 worker ant zombies
  A scorpion zombie (D:8)
  An adder (D:2)
  5 orc zombies
  An orc skeleton (D:7)
  A jackal skeleton (D:5)
  A plant (D:8)
23 creatures vanquished.

Grand Total: 225 creatures vanquished

Notes
Turn   | Place    | Note
-------+----------+-------------------------------------------
     0 | D:1      | johnjohn the Hill Orc Fighter began the quest for the Orb.
     0 | D:1      | Reached XP level 1. HP: 19/19 MP: 1/1
   150 | D:1      | Reached XP level 2. HP: 26/27 MP: 2/2
   529 | D:1      | Reached XP level 3. HP: 33/33 MP: 3/3
   876 | D:2      | Reached skill level 3 in Maces & Flails
   911 | D:2      | Found an ancient bone altar of Kikubaaqudgha.
   961 | D:2      | Reached XP level 4. HP: 11/40 MP: 4/4
  1558 | D:2      | Found a basalt altar of Yredelemnul.
  1562 | D:2      | Noticed a profane servitor
  1567 | D:2      | Became a worshipper of Yredelemnul the Dark
  1580 | D:2      | Found a glowing golden altar of the Shining One.
  1582 | D:2      | Noticed an angel
  2231 | D:3      | Found a bloodstained altar of Trog.
  2889 | D:4      | Reached XP level 5. HP: 32/46 MP: 5/5
  3026 | D:4      | Reached skill level 1 in Dodging
  3400 | D:4      | Noticed an ogre
  4657 | D:5      | Entered Level 5 of the Dungeon
  4667 | D:5      | Noticed an ice beast
  4675 | D:5      | Killed an ice beast
  4675 | D:5      | Reached skill level 4 in Maces & Flails
  4675 | D:5      | Reached skill level 5 in Armour
  4675 | D:5      | Reached XP level 6. HP: 20/53 MP: 6/6
  5052 | D:5      | Reached skill level 5 in Maces & Flails
  5052 | D:5      | Reached XP level 7. HP: 11/60 MP: 7/7
  5344 | D:5      | Found a snail-covered altar of Cheibriados.
  5360 | D:5      | Reached skill level 5 in Fighting
  5365 | D:5      | Reached * piety under Yredelemnul
  5474 | D:5      | Noticed Prince Ribbit
  5608 | D:5      | Reached skill level 6 in Maces & Flails
  5701 | D:5      | Reached XP level 8. HP: 33/70 MP: 8/8
  5955 | D:5      | Reached skill level 5 in Shields
  6443 | D:5      | Found an ornate altar of the Wu Jian Council.
  6600 | D:5      | Found a shattered altar of Ashenzari.
  6731 | D:6      | Found a sacrificial altar of Ru.
  6840 | D:6      | Reached ** piety under Yredelemnul
  6932 | D:6      | Reached skill level 7 in Maces & Flails
  7194 | D:6      | Reached skill level 1 in Invocations
  7296 | D:6      | Found a burning altar of Makhleb.
  7382 | D:6      | Found a runed door.
  7407 | D:6      | Found a runed door.
  7456 | D:6      | Reached XP level 9. HP: 54/78 MP: 10/10
  7855 | D:7      | Reached skill level 8 in Maces & Flails
  7928 | D:7      | Reached *** piety under Yredelemnul
  8345 | D:7      | Got a vibrating graven amulet
  9173 | D:8      | Reached **** piety under Yredelemnul
  9186 | D:8      | Reached skill level 9 in Maces & Flails
  9221 | D:8      | Reached skill level 1 in Stealth
  9230 | D:8      | Received a gift from Yredelemnul (a wight)
  9263 | D:8      | Found a staircase to the Lair.
  9306 | D:8      | Reached XP level 10. HP: 31/86 MP: 9/12
  9363 | D:8      | Noticed Gastronok
  9365 | D:8      | HP: 1/86 [hornet (5)]
  9366 | D:8      | Succumbed to a hornet's poison

Skill      XL: |  1  2  3  4  5  6  7  8  9 |
---------------+----------------------------+-----
Fighting       | 4 5 6 7 |  7.1
Maces & Flails | 3 4 5 6 7 9 |  9.3
Armour         | 4 5 6 7 |  7.8
Shields        | 4 5 7 |  7.1
Dodging        | 1 2 |  2.1
Invocations    | 1 3 |  3.7
Stealth        | 1 |  1.1

Action                   |  1- 3 |  4- 6 |  7- 9 | 10-12 || total
-------------------------+-------+-------+-------+-------++-------
Melee: Flail             |   110 |   189 |   479 |     7 ||   785
Invok: Animate Remains   |       |       |     9 |       ||     9
       Recall Undead Sla |       |       |     2 |       ||     2
       Animate Dead      |       |       |     8 |     1 ||     9
       Injury Mirror     |       |       |     2 |       ||     2
  Use: Potion            |     2 |     6 |     5 |       ||    13
       Scroll            |     2 |     5 |     1 |       ||     8
 Stab: Distracted        |       |       |     2 |       ||     2
  Eat: Chunk             |       |     7 |    12 |     1 ||    20
       Ration            |       |     2 |     2 |       ||     4
Armor: Scale mail        |    47 |    25 |       |       ||    72
       Chain mail        |       |    43 |   260 |     3 ||   306
Dodge: Dodged            |    47 |    63 |   138 |     2 ||   250
Block: Shield            |    86 |    95 |   290 |     6 ||   477
